 Dungeon Crawl Stone Soup version 0.25.1-8-g42b30a86e7 (webtiles) character file.

Game seed: 17542969889370029908

294 gruber the Stinger (level 6, -13/36 HPs)
             Began as an Octopode Venom Mage on Dec 16, 2020.
             Mangled by an ogre
             ... wielding a +0 giant club
              (26 damage)
             ... on level 4 of the Dungeon.
             The game lasted 00:05:12 (4285 turns).

gruber the Stinger (Octopode Venom Mage)            Turns: 4285, Time: 00:05:12

Health: -13/36     AC:  1    Str: 13    XL:     6   Next: 33%
Magic:  11/11      EV: 13    Int: 20    God:
Gold:   70         SH:  0    Dex: 12    Spells: 1/12 levels left

rFire    . . .     SeeInvis .   o - +0 falchion (drain)
rCold    . . .     Gourm    .   (no shield)
rNeg     . . .     Faith    .   (helmet restricted)
rPois    +         Spirit   .   (no amulet)
rElec    .         Reflect  .   (no ring)
rCorr    .         Harm     .   l - +6 ring of strength
MR       .....                  h - ring of poison resistance
Stlth    +++.......             (no ring)
HPRegen  0.12/turn              (no ring)
MPRegen  0.12/turn              (no ring)
                                (no ring)
                                (no ring)

@: no status effects
A: almost no armour, stealthy swim, amphibious, 8 rings, constrict 8, camouflage
1, gelatinous body 1
a: no special abilities


You were on level 4 of the Dungeon.
You were not hungry.

You visited 1 branch of the dungeon, and saw 4 of its levels.

You collected 70 gold pieces.

Inventory:

Hand Weapons
 o - a +0 falchion of draining (weapon)
Missiles
 t - 6 javelins
 u - a throwing net (quivered)
Jewellery
 h - a ring of poison resistance (on tentacle)
 l - a +6 ring of strength (right tentacle)
Scrolls
 a - a scroll of identify
 e - a scroll of teleportation {unknown}
 g - 2 scrolls of magic mapping
 i - 4 scrolls of immolation {unknown}
 m - a scroll of enchant weapon {unknown}
 n - a scroll of fog {unknown}
 p - 2 scrolls of enchant armour {unknown}
 r - a scroll of remove curse
Potions
 c - a potion of flight
 d - a potion of lignification {unknown}
 j - 2 potions of ambrosia
 k - a potion of curing
 q - a potion of resistance {unknown}
 s - a potion of stabbing {unknown}
Comestibles
 b - 5 rations
 f - a chunk of flesh


   Skills:
 - Level 2.0 Dodging
 - Level 2.6 Stealth
 * Level 3.9 Spellcasting
 - Level 1.0 Transmutations
 - Level 7.0 Poison Magic


You had one spell level left.
You knew the following spells:

 Your Spells              Type           Power        Failure   Level  Hunger
a - Sting                 Tmut/Pois      ###.         2%          1    None
b - Mephitic Cloud        Conj/Pois/Air  ##......     16%         3    ###....
c - Ignite Poison         Fire/Tmut/Pois ##......     13%         3    ###....
d - Olgreb's Toxic Radia  Pois           ####....     8%          4    ####...

Your spell library contained the following spells:

 Spells                   Type           Power        Failure   Level  Hunger
 Poisonous Vapours        Pois/Air       ###...       4%          2    ##.....


Dungeon Overview and Level Annotations

Branches:
Dungeon (4/15)
 Temple: D:4-7

Altars:
Dithmenos
Elyvilon
Hepliaklqana
Kikubaaqudgha


Innate Abilities, Weirdness & Mutations

You cannot wear most types of armour.
You are very stealthy in the water. (Stealth+)
You are amphibious.
You can wear up to eight rings at the same time.
You can use your tentacles to constrict eight enemies at once.
Your skin changes colour to match your surroundings (Stealth+).
Your rubbery body absorbs attacks. (AC +1, EV +1)


Message History

There is a stone staircase leading up here.
A ball python comes into view.
A ball python is nearby!
A ball python is nearby!
The ball python hisses angrily.
You hear a shout!
An ogre comes into view. It is wielding a +0 giant club.
The ball python closely misses you. The ball python barely misses you.
You hit the ball python but do no damage.
You drain the ball python. You grab the ball python.
You squeeze the ball python.
You kill the ball python!
A worker ant comes into view.
The ogre hits you with a +0 giant club!!
Ouch! That really hurt!
You see here a ball python corpse.
There is a stone staircase leading up here.
Okay, then.
The ogre hits you with a +0 giant club!!
Ouch! That really hurt!
You die...

...... ###...
......##...#
.........†.# #
...........#
##$.
.....#....#.....
.... #...$....#.
.. #a.........
#O.........
#@.........
##.........
#.....<...
##########


You could see an ogre and a worker ant.

Vanquished Creatures
  3 orc wizards (D:3)
  2 orc priests (D:3)
  2 adders
  4 gnolls (D:3)
  A shadow imp (D:3)
  3 worms
  A dart slug (D:2)
  A leopard gecko (D:2)
  9 orcs
  8 bats
  2 giant cockroaches
  2 goblins (D:2)
  7 hobgoblins
  5 jackals (D:2)
  A quokka (D:2)
  4 ball pythons
  2 frilled lizards
  8 kobolds
  7 rats
72 creatures vanquished.

Notes
Turn   | Place    | Note
-------+----------+-------------------------------------------
     0 | D:1      | gruber the Octopode Venom Mage began the quest for the Orb.
     0 | D:1      | Reached XP level 1. HP: 11/11 MP: 3/3
   350 | D:1      | Reached skill level 4 in Poison Magic
   435 | D:1      | Reached XP level 2. HP: 13/17 MP: 5/5
  1258 | D:2      | Reached skill level 5 in Poison Magic
  1258 | D:2      | Reached XP level 3. HP: 18/21 MP: 1/6
  1477 | D:2      | Learned a level 3 spell: Mephitic Cloud
  2531 | D:2      | Reached XP level 4. HP: 27/27 MP: 7/7
  2536 | D:2      | Learned a level 3 spell: Ignite Poison
  2762 | D:3      | Reached skill level 6 in Poison Magic
  2822 | D:3      | Found a white marble altar of Elyvilon.
  3212 | D:3      | Reached skill level 7 in Poison Magic
  3212 | D:3      | Reached XP level 5. HP: 31/31 MP: 0/8
  3330 | D:3      | Noticed a shadow
  3331 | D:3      | Found a shadowy altar of Dithmenos.
  3332 | D:3      | Found a hazy altar of Hepliaklqana.
  3565 | D:3      | Found an ancient bone altar of Kikubaaqudgha.
  3587 | D:3      | HP: 1/31 [orc priest/+0 flail (12)]
  3589 | D:3      | Reached XP level 6. HP: 2/36 MP: 0/11
  3950 | D:3      | Learned a level 4 spell: Olgreb's Toxic Radiance
  4285 | D:4      | Mangled by an ogre

Illustrated notes

Levels and vault maps discovered:
D:1:      lemuel_arrival_behind_the_door_small, layout_loops_cross,
          minmay_tetromino_t4
D:2:      layout_basic, first_ration, grunt_decor_arrowhead,
          minmay_misc_feat_tiny, grunt_ministairs_14, minivault_23,
          minmay_misc_feat_alley, minmay_fractal_squares_5
D:3:      layout_rooms, riverfiend_overflow_shadow_ancestor, lemuel_round_altar,
          old_standard_altar, minmay_box_of_dots
D:4:      layout_rooms, kennysheep_mini, uniq_ijyb

Skill      XL: |  1  2  3  4  5 |
---------------+----------------+-----
Poison Magic   | 4 5 7 |  7.0
Spellcasting   | 3 |  3.9
Dodging        | |  2.0
Stealth        | |  2.6
Transmutations | |  1.0

Action                   |  1- 3 |  4- 6 || total
-------------------------+-------+-------++-------
Melee: Dagger            |    35 |       ||    35
       Unarmed           |     5 |       ||     5
       Tentacles         |    12 |     7 ||    19
       Constrict         |    18 |    10 ||    28
       Falchion          |    35 |    17 ||    52
Throw: Javelin           |       |     3 ||     3
       Throwing net      |       |     1 ||     1
 Cast: Sting             |    20 |    55 ||    75
  Use: Scroll            |     5 |       ||     5
       Potion            |       |     1 ||     1
 Stab: Sleeping          |     9 |     3 ||    12
  Eat: Chunk             |     5 |     6 ||    11
Armor: Skin              |     8 |     1 ||     9
Dodge: Dodged            |    56 |    26 ||    82
       Rpst.: Falchion   |     8 |     5 ||    13
